 Dungeon Crawl Stone Soup version 0.27.1-1-g398f81649c (webtiles) character file.

Game seed: 1297703513739618981

86 Descartes the Covert (level 4, -3/23 HPs)
             Began as a Spriggan Delver on Sept 14, 2021.
             Slain by a river rat (8 damage)
             ... in a sewer.
             The game lasted 00:01:59 (414 turns).

Descartes the Covert (Spriggan Delver)               Turns: 414, Time: 00:01:59

Health: -3/23      AC:  2    Str:  9    XL:     4   Next: 26%
Magic:  5/5        EV: 18    Int: 11    God:
Gold:   15         SH:  0    Dex: 16    Spells: 1/3 levels left

rFire    . . .     SeeInvis +   a - +0 short sword
rCold    . . .     Faith    .   (shield restricted)
rNeg     . . .     Spirit   .   b - +0 robe
rPois    .         Reflect  .   (helmet restricted)
rElec    .         Harm     .   (no cloak)
rCorr    .         Rampage  .   (gloves unavailable)
Will     .....                  (boots unavailable)
Stlth    ++++......             (no amulet)
HPRegen  0.07/turn              (no ring)
MPRegen  0.09/turn              (no ring)

@: hasted, very quick
A: very small, no large weapons, unfitting armour, see invisible, speed 3
a: no special abilities


You were in a sewer.
You visited 1 branch of the dungeon, and saw 1 of its levels.
You also visited: Sewer.

You collected 15 gold pieces.

Inventory:

Hand Weapons
 a - a +0 short sword (weapon)
Missiles
 h - 28 stones (quivered)
Armour
 b - a +0 robe (worn)
Wands
 g - a wand of digging (3)
Scrolls
 c - a scroll of fog
 d - a scroll of identify {unknown}
 e - a scroll of fear
 i - a scroll of torment {unknown}
Potions
 f - a potion of haste
 j - a potion of magic


   Skills:
 - Level 2.4 Fighting
 + Level 3.3 Short Blades
 + Level 4.1 Dodging
 + Level 8.2 Stealth


You had one spell level left.
You knew the following spells:

 Your Spells              Type           Power      Damage    Failure   Level
a - Blink                 Tloc           N/A        N/A       47%         2

Your spell library contained the following spells:

 Spells                   Type           Power      Damage    Failure   Level
 Manifold Assault         Tloc           0%         N/A       100%        5
 Storm Form               Tmut/Air       0%         N/A       100%        7


Dungeon Overview and Level Annotations

Branches:
Dungeon (5/15)              Sewer (1/1)
 Temple: D:4-7

Altars:


Innate Abilities, Weirdness & Mutations

You are very small and have problems with some larger weapons.
You are too small for most types of armour.
You have supernaturally acute eyesight. (SInv)
You cover ground extremely quickly. (Speed+++)


Message History

You hit the river rat but do no damage. The river rat completely misses you.
You barely miss the river rat. The river rat misses you.
You hit the river rat but do no damage.
The river rat bites you but does no damage.
You closely miss the river rat. The river rat misses you.
You hit the river rat.
The river rat is heavily wounded.
The river rat closely misses you.
You barely miss the river rat.
The river rat is heavily wounded.
The river rat bites you!
You hit the river rat but do no damage.
The river rat is heavily wounded.
The river rat closely misses you.
You hit the river rat but do no damage.
The river rat is heavily wounded.
You closely miss the river rat.
The river rat is heavily wounded.
The river rat bites you.
* * * LOW HITPOINT WARNING * * *
You hit the river rat but do no damage.
The river rat is heavily wounded.
The river rat completely misses you.
It was a potion of magic.
Magic courses through your body. The river rat completely misses you.
You feel yourself speed up.
The river rat bites you but does no damage.
You barely miss the river rat.
The river rat is heavily wounded.
The river rat closely misses you.
You hit the river rat but do no damage.
The river rat is heavily wounded.
The river rat misses you.
You closely miss the river rat.
The river rat is heavily wounded.
The rat twitches its whiskers.
You barely miss the river rat.
The river rat is heavily wounded.
The river rat bites you!
You die...

≈≈≈≈≈......##
.≈≈≈≈≈.....#
.≈≈≈≈≈....##
.≈≈≈......##
≈≈≈........##
≈≈≈.........##
.≈≈≈......#rr#
≈≈......###r#
≈≈≈....r###@#
≈≈.....r.####
≈≈≈≈.....##
≈≈≈≈≈..r..#
≈≈≈≈≈.....#
≈≈≈≈≈.....†#
≈≈≈≈≈......#
≈≈≈≈.≈.....#
≈≈≈≈≈....##


You could see a river rat and 2 rats.

Vanquished Creatures
  A jelly (D:5)
  A hound (D:5)
  An adder (D:5)
  A river rat (D:5)
  2 ball pythons (D:5)
  3 kobolds (Sewer)
  6 rats
15 creatures vanquished.

Notes
Turn   | Place    | Note
-------+----------+-------------------------------------------
     0 | D:5      | Descartes the Spriggan Delver began the quest for the Orb.
     0 | D:5      | Reached XP level 1. HP: 11/11 MP: 2/2
    34 | D:5      | Reached XP level 2. HP: 14/16 MP: 3/3
    38 | D:5      | Found a glowing drain.
    90 | D:5      | Reached XP level 3. HP: 19/19 MP: 4/4
   110 | D:5      | Reached skill level 8 in Stealth
   110 | D:5      | Reached XP level 4. HP: 12/23 MP: 5/5
   126 | Sewer    | Entered a sewer
   307 | Sewer    | Learned a level 2 spell: Blink
   414 | Sewer    | Slain by a river rat

Illustrated notes

Levels and vault maps discovered:
D:5:      layout_loops_ring, portal_sewer_entry_a, serial_bayou_pond_e,
          hangedman_glass_teeth
Sewer:    sewer_minmay_treatment

Skill      XL: |  1  2  3 |
---------------+----------+-----
Dodging        | 3 4 |  4.1
Short Blades   | 3 |  3.3
Stealth        | 8 |  8.2
Fighting       | |  2.4

Action                   |  1- 3 |  4- 6 || total
-------------------------+-------+-------++-------
Melee: Short sword       |    24 |    48 ||    72
  Use: Scroll            |     1 |       ||     1
       Potion            |       |     2 ||     2
 Stab: Sleeping          |     3 |     4 ||     7
Armor: Robe              |     4 |     4 ||     8
Dodge: Dodged            |    19 |    32 ||    51
